 Dungeon Crawl Stone Soup version 0.21-a0-28-g9a7844a (webtiles) character file.

15180 Naow the Arsonist (level 12, -1/81 HPs)
             Began as an Octopode Fire Elementalist on May 26, 2017.
             Was a High Priest of Vehumet.
             Slain by a gnoll sergeant
             ... wielding a +0 spear
              (5 damage)
             ... on level 10 of the Dungeon.
             The game lasted 00:43:29 (18245 turns).

Naow the Arsonist (Octopode Fire Elementalist)     Turns: 18245, Time: 00:43:30

Health: -1/81      AC:  1    Str:  7    XL:     12   Next: 24%
Magic:  4/25       EV: 13    Int: 21    God:    Vehumet [*****.]
Gold:   487        SH:  0    Dex: 14    Spells: 0/30 levels left

rFire    . . .     SeeInvis .   j - +1 dagger (venom)
rCold    + . .     Gourm    .   (no shield)
rNeg     . . .     Faith    .   (helmet restricted)
rPois    .         Spirit   .   (no amulet)
rElec    .         Reflect  .   i - ring of resist corrosion
rCorr    +         Harm     .   B - ring of protection from cold
MR       .....                  (no ring)
Stlth    +++.......             (no ring)
Regen    0.3/turn               (no ring)
MPRegen  0.2/turn               (no ring)
                                (no ring)
                                (no ring)

@: lethally poisoned (-1 -> -4)
A: almost no armour, stealthy swim, amphibious, 8 rings, constrict 8, camouflage
1, gelatinous body 1
a: Renounce Religion


You were on level 10 of the Dungeon.
You worshipped Vehumet.
Vehumet was extremely pleased with you.
You were not hungry.

You visited 2 branches of the dungeon, and saw 12 of its levels.

You collected 487 gold pieces.

Inventory:

Hand Weapons
 h - a +0 dagger
 j - a +1 dagger of venom (weapon)
Armour
 O - a +0 buckler
Magical Staves
 K - an uncursed staff of death
Jewellery
 i - a ring of resist corrosion (left tentacle)
 B - a ring of protection from cold (right tentacle)
Wands
 r - a wand of polymorph (14/24)
 x - a wand of digging (12/24)
 D - a wand of confusion (16/48)
 E - a wand of iceblast (10/15)
 F - a wand of iceblast (1/15)
 J - a wand of disintegration (10/24)
 N - a wand of lightning (4/15)
 P - a wand of disintegration (12/24)
 Q - a wand of lightning (6/15)
Scrolls
 c - 6 scrolls of teleportation
 d - 7 scrolls of remove curse
 e - 3 scrolls of blinking
 k - 2 scrolls of magic mapping {unknown}
 l - a scroll of vulnerability {unknown}
 n - 3 scrolls of recharging {unknown}
 o - 8 scrolls of identify
 p - a scroll of fear {unknown}
 s - a scroll of random uselessness {unknown}
 u - a scroll of fog {unknown}
 v - 4 scrolls of enchant armour {unknown}
 y - 2 scrolls of enchant weapon {unknown}
 G - a scroll of brand weapon {unknown}
Potions
 f - 2 potions of flight
 g - a potion of mutation
 w - a potion of degeneration {unknown}
 z - 2 potions of heal wounds {unknown}
 A - a potion of magic {unknown}
 I - a potion of cancellation
 L - a potion of resistance {unknown}
Books
 a - a book of Flames

   Spells                             Type                      Level
   a - Flame Tongue                   Conjuration/Fire             1
   b - Throw Flame                    Conjuration/Fire             2
   c - Conjure Flame                  Conjuration/Fire             3
   d - Inner Flame                    Hexes/Fire                   3
   e - Sticky Flame                   Conjuration/Fire             4
   f - Fireball                       Conjuration/Fire             5
 C - a book of Necromancy

   Spells                             Type                      Level
   a - Pain                           Necromancy                   1
   b - Animate Skeleton               Necromancy                   1
   c - Vampiric Draining              Necromancy                   3
   d - Regeneration                   Charms/Necromancy            3
   e - Animate Dead                   Necromancy                   4
   f - Control Undead                 Necromancy                   4
 H - a book of Cantrips

   Spells                             Type                      Level
   a - Confusing Touch                Hexes                        1
   b - Animate Skeleton               Necromancy                   1
   c - Summon Small Mammal            Summoning                    1
   d - Apportation                    Translocation                1
 M - a book of Power

   Spells                             Type                      Level
   a - Iskenderun's Battlesphere      Conjuration/Charms           5
   b - Venom Bolt                     Conjuration/Poison           5
   c - Bolt of Magma                  Conjuration/Fire/Earth       5
   d - Iron Shot                      Conjuration/Earth            6
   e - Orb of Destruction             Conjuration                  7
   f - Spellforged Servitor           Conjuration/Summoning        7
Comestibles
 b - 9 bread rations
 m - 7 royal jellies
 q - 4 meat rations
 t - 8 fruits


   Skills:
 - Level 7.2 Fighting
 - Level 2.0 Dodging
 - Level 2.6 Stealth
 + Level 2.3 Shields
 + Level 9.6 Spellcasting
 * Level 10.4 Conjurations
 + Level 0.8 Charms
 - Level 3.1 Necromancy
 - Level 10.5 Fire Magic


You couldn't memorise any spells.
You knew the following spells:

 Your Spells              Type           Power        Failure   Level  Hunger
a - Flame Tongue          Conj/Fire      #####        1%          1    None
b - Throw Flame           Conj/Fire      ######       1%          2    None
c - Conjure Flame         Conj/Fire      ######..     1%          3    None
d - Sticky Flame          Conj/Fire      ######..     1%          4    ##.....
e - Fireball              Conj/Fire      ######....   1%          5    ####...
f - Regeneration          Chrm/Necr      ###.......   9%          3    None
g - Iskenderun's Battles  Conj/Chrm      ####....     5%          5    ####...
h - Orb of Destruction    Conj           ######....   21%         7    #######


Dungeon Overview and Level Annotations

Branches:
Dungeon (11/15)            Temple (0/1) D:7            Lair (1/6) D:9
    Orc: D:9-12

Altars:
Hepliaklqana
Qazlal
Sif Muna
Trog
Uskayaw
Vehumet
Wu Jian
Yredelemnul

Annotations:
D:9 exclusion: 2 downstairs
D:11 1 exclusion, Toogi's ghost, journeyman MiHu
Lair:1 Shimatora's ghost, journeyman DDFi


Innate Abilities, Weirdness & Mutations

You cannot wear most types of armour.
You are very stealthy in the water. (Stealth+)
You are amphibious.
You can wear up to eight rings at the same time.
You can use your tentacles to constrict eight enemies at once.
Your skin changes colour to match your surroundings (Stealth+).
Your rubbery body absorbs attacks. (AC +1, EV +1)


Message History

The gnoll sergeant hits you with a spear!
* * * LOW HITPOINT WARNING * * *
You are too injured to fight recklessly!
You hit the gnoll sergeant but do no damage.
The gnoll sergeant is poisoned.
You grab the gnoll sergeant.
The gnoll sergeant is heavily wounded.
You constrict the gnoll sergeant.
You feel sick.
The gnoll sergeant burns!
The gnoll sergeant hits you with a spear!
* * * LOW HITPOINT WARNING * * *
You release your grip on the gnoll sergeant.
The gnoll sergeant burns!
The gnoll sergeant closely misses you.
You hit the gnoll sergeant but do no damage.
The gnoll sergeant looks even sicker.
You grab the gnoll sergeant. Your squeeze misses the gnoll sergeant.
The gnoll sergeant is severely wounded.
You constrict the gnoll sergeant, but do no damage.
* * * LOW HITPOINT WARNING * * *
You feel sick.
The gnoll sergeant burns!
The gnoll sergeant hits you with a spear.
You die...

.# #..###.# .#####
##...#.# ....>##
#.).#K###
###...####..).)..#
..+......)..##.#.#
###...#####....#.#
#...# ######.#
##############'##
#######........g@.#
......'...........#
#######.g.........#
#...........#
#...........#
#...........#
#...........#
#..........[#
#...........#


You could see a gnoll sergeant (burning).

Vanquished Creatures
  A hydra (D:9)
  Erica (D:7)
  A death knight (D:10)
  5 two-headed ogres
  A centaur zombie (D:9)
  2 komodo dragons
  2 trolls
  A hornet (D:8)
  3 hippogriffs
  7 yaks
  3 hogs (D:9)
  A human (D:9)
  2 hungry ghosts
  Edmund (D:6)
  A water moccasin (D:6)
  An orc warrior (D:10)
  A phantom (D:5)
  5 ice beasts
  2 sky beasts
  2 hornet zombies (D:10)
  9 ogres
  7 centaurs
  6 big kobolds
  6 bullfrogs
  A wyvern zombie (D:7)
  2 scorpions
  12 killer bees
  A water moccasin skeleton (D:8)
  4 wights (D:9)
  3 howler monkeys
  An electric eel (D:10)
  6 crimson imps
  5 jellies
  A quasit (D:7)
  6 orc priests
  6 hounds
  6 orc wizards
  A bullfrog skeleton (D:7)
  2 centaur skeletons
  5 iguanas
  Natasha (D:2)
  12 worker ants
  2 hound zombies (D:6)
  3 hound skeletons
  A howler monkey zombie (D:8)
  A worker ant zombie (D:5)
  6 gnolls
  A howler monkey skeleton (D:6)
  14 adders
  3 shadow imps
  4 adder zombies
  2 adder skeletons
  8 worms
  3 dart slugs
  8 leopard geckos
  29 orcs
  11 bats
  6 giant cockroaches
  7 goblins
  13 hobgoblins
  15 jackals
  5 quokkas
  4 ball pythons
  A frilled lizard (D:3)
  A jackal zombie (D:7)
  17 kobolds
  A leopard gecko skeleton (D:4)
  A leopard gecko zombie (D:6)
  2 quokka skeletons
  A quokka zombie (D:5)
  10 rats
326 creatures vanquished.

Vanquished Creatures (others)
  A plant (D:9)
1 creature vanquished.

Grand Total: 327 creatures vanquished

Notes
Turn   | Place    | Note
-------+----------+-------------------------------------------
     0 | D:1      | Naow the Octopode Fire Elementalist began the quest for the Orb.
     0 | D:1      | Reached XP level 1. HP: 11/11 MP: 3/3
   102 | D:1      | Reached XP level 2. HP: 17/17 MP: 1/5
   841 | D:1      | Reached XP level 3. HP: 21/21 MP: 4/6
  1536 | D:2      | Learned a level 2 spell: Throw Flame
  1540 | D:2      | Learned a level 3 spell: Conjure Flame
  1964 | D:2      | Found a stormy altar of Qazlal.
  2202 | D:2      | Noticed Natasha
  2203 | D:2      | Reached XP level 4. HP: 27/27 MP: 0/8
  2275 | D:2      | Killed Natasha
  2347 | D:2      | Found a radiant altar of Vehumet.
  2410 | D:2      | Became a worshipper of Vehumet
  3040 | D:3      | Reached XP level 5. HP: 31/31 MP: 2/10
  3350 | D:3      | Learned a level 4 spell: Sticky Flame
  3877 | D:3      | Reached * piety under Vehumet
  3877 | D:3      | Offered knowledge of Magic Dart by Vehumet.
  4308 | D:3      | Found a deep blue altar of Sif Muna.
  4646 | D:4      | Noticed an ogre
  4699 | D:3      | Reached XP level 6. HP: 36/36 MP: 2/11
  5244 | D:4      | Reached XP level 7. HP: 41/41 MP: 8/13
  5288 | D:4      | Found an ornate altar of the Wu Jian Council.
  5335 | D:4      | Found a hide-covered altar of Uskayaw.
  5645 | D:4      | Reached skill level 5 in Fire Magic
  6206 | D:5      | Entered Level 5 of the Dungeon
  6411 | D:5      | Reached skill level 5 in Conjurations
  6566 | D:5      | Reached skill level 5 in Spellcasting
  6566 | D:5      | Reached XP level 8. HP: 20/46 MP: 6/15
  8447 | D:6      | Offered knowledge of Shock by Vehumet.
  8589 | D:6      | Noticed Edmund
  8602 | D:6      | Killed Edmund
  8602 | D:6      | Reached XP level 9. HP: 51/51 MP: 5/18
  8833 | D:6      | Reached ** piety under Vehumet
  9109 | D:6      | Reached skill level 1 in Fighting
  9306 | D:6      | Learned a level 5 spell: Fireball
  9310 | D:6      | Learned a level 3 spell: Regeneration
  9484 | D:6      | Found a basalt altar of Yredelemnul.
  9701 | D:7      | Found a staircase to the Ecumenical Temple.
  9940 | D:7      | Reached skill level 1 in Necromancy
  9994 | D:7      | Offered knowledge of Searing Ray by Vehumet.
 10882 | D:7      | Found a hazy altar of Hepliaklqana.
 10965 | D:7      | Reached XP level 10. HP: 44/63 MP: 14/20
 11286 | D:8      | Reached *** piety under Vehumet
 11510 | D:8      | Found a bloodstained altar of Trog.
 11563 | D:8      | Noticed Erica
 11581 | D:7      | HP: 3/63 [Erica/scimitar of flaming (6)]
 11585 | D:7      | Killed Erica
 11873 | D:8      | Offered knowledge of Static Discharge by Vehumet.
 12692 | D:8      | Noticed a two-headed ogre
 12698 | D:8      | Killed a two-headed ogre
 13189 | D:8      | Reached skill level 5 in Fighting
 13430 | D:9      | Reached XP level 11. HP: 58/71 MP: 16/23
 13568 | D:9      | Reached **** piety under Vehumet
 13769 | D:9      | Noticed a five-headed hydra
 13842 | D:9      | Found a staircase to the Lair.
 14158 | D:9      | Killed a five-headed hydra
 14339 | D:9      | Offered knowledge of Irradiate by Vehumet.
 14434 | D:9      | Noticed a two-headed ogre
 14442 | D:9      | Killed a two-headed ogre
 15659 | D:10     | Entered Level 10 of the Dungeon
 15936 | D:10     | Reached skill level 10 in Fire Magic
 15983 | D:10     | Noticed a two-headed ogre
 16089 | D:10     | Reached ***** piety under Vehumet
 16225 | D:10     | Killed a two-headed ogre
 16392 | D:10     | Offered knowledge of Conjure Ball Lightning by Vehumet.
 16454 | D:10     | Reached skill level 10 in Conjurations
 16709 | D:10     | Noticed a two-headed ogre
 16731 | D:10     | Killed a two-headed ogre
 16731 | D:10     | Reached XP level 12. HP: 33/81 MP: 11/25
 17153 | D:10     | Reached skill level 1 in Shields
 17201 | D:10     | Noticed a death knight
 17371 | D:9      | Noticed a two-headed ogre
 17499 | D:9      | Killed a two-headed ogre
 17621 | Lair:1   | Entered Level 1 of the Lair of Beasts
 17621 | Lair:1   | Noticed Shimatora's ghost (journeyman DDFi)
 17630 | D:9      | Learned a level 5 spell: Iskenderun's Battlesphere
 17638 | D:9      | Learned a level 7 spell: Orb of Destruction
 17971 | D:11     | Noticed Toogi's ghost (journeyman MiHu)
 18212 | D:10     | Killed a death knight
 18243 | D:10     | HP: 4/81 [gnoll sergeant/spear (9)]
 18245 | D:10     | Slain by a gnoll sergeant

Vault maps used:
D:1:      scummos_arrival_forest
D:2:      lemuel_coloured_pillars_altar, grunt_qazlal_sundering, uniq_natasha
D:3:      tgw_sif, grunt_ministairs_2
D:4:      kennysheep_six_static_rooms, grunt_temple_overflow_open, first_bread,
          minmay_vboxes
D:5:      kennysheep_big_empty_room
D:6:      kennysheep_little_box, kennysheep_opposing_triangles, uniq_edmund
D:7:      marbit_many_paths, minmay_temple_entry_purple_smoke
D:8:      nicolae_overflow_hidden_temple, uniq_erica
D:9:      david_lair_shrubbed, grunt_livestock
D:10:     kennysheep_orc_monster_closet_entryway
D:11:     serial_shops, kennysheep_mini_moat, evilmike_ruin_ashenzari
Lair:1:   special_room, infiniplex_staircase_pool

Skill      XL: |  1  2  3  4  5  6  7  8  9 10 11 12 |
---------------+-------------------------------------+-----
Conjurations   | 2 3 4 5 6 7 8 10 | 10.4
Spellcasting   | 3 4 5 6 7 8 9 |  9.6
Fire Magic     | 4 5 7 8 9 10 | 10.5
Fighting       | 3 5 7 |  7.2
Necromancy     | 2 3 |  3.1
Shields        | 2 |  2.3
Dodging        | |  2.0
Stealth        | |  2.6
Charms         | |  0.8

Action                   |  1- 3 |  4- 6 |  7- 9 | 10-12 || total
-------------------------+-------+-------+-------+-------++-------
Melee: Unarmed           |    14 |       |       |       ||    14
       Constrict         |     7 |     9 |     8 |    15 ||    39
       Tentacles         |     4 |     5 |    10 |    12 ||    31
       Dagger            |    12 |    29 |    44 |    48 ||   133
       Staff             |       |       |       |    11 ||    11
 Cast: Flame Tongue      |    46 |    43 |   226 |   305 ||   620
       Throw Flame       |    12 |    48 |    73 |    54 ||   187
       Conjure Flame     |       |     1 |     6 |    17 ||    24
       Sticky Flame      |       |     1 |     4 |    39 ||    44
       Fireball          |       |       |     3 |    36 ||    39
       Regeneration      |       |       |       |     3 ||     3
       Iskenderun's Batt |       |       |       |     2 ||     2
  Use: Potion            |       |       |       |     7 ||     7
       Scroll            |       |       |       |     9 ||     9
 Stab: Sleeping          |       |     1 |       |     1 ||     2
       Distracted        |       |       |       |     1 ||     1
  Eat: Chunk             |     5 |    12 |    19 |    30 ||    66
       Royal jelly       |       |       |       |     1 ||     1
       Meat ration       |       |       |       |     1 ||     1
Armor: Skin              |     1 |     1 |     4 |     9 ||    15
Dodge: Dodged            |    30 |    20 |    60 |   128 ||   238
